 Dungeon Crawl Stone Soup version 0.18-a0-1443-ge8f1551 (webtiles) character file.

2313 Kidiri the Thaumaturge (level 9, -3/53 HPs)
             Began as a Deep Elf Fire Elementalist on Feb 29, 2016.
             Killed by divine providence
             ... invoked by an orc priest
              (13 damage)
             ... on level 5 of the Dungeon.
             The game lasted 00:49:18 (12427 turns).

Kidiri the Thaumaturge (DEFE)                      Turns: 12427, Time: 00:49:18

Health: -3/53      AC:  8    Str:  0    XL:     9   Next: 18%
Magic:  8/23       EV: 12    Int: 19    God:
Gold:   84         SH:  0    Dex: 22    Spells: 6 memorised, 6 levels left

rFire  . . .     SeeInvis .     l - +1 dagger
rCold  . . .     Gourm    .     n - +1 leather armour "Zareff" {rN+++ Str-5 Int-5 Dex+7} (curse)
rNeg   + + +     Faith    .     (no shield)
rPois  .         Spirit   .     (no helmet)
rElec  .         Dismiss  .     (no cloak)
rCorr  .         Reflect  .     a - +0 pair of gloves
SustAt +         Harm     .     (no boots)
MR     .....                    (no amulet)
Stlth  ++........               u - ring of sustain attributes
                                k - ring of loudness (curse)

@: slowed, lost strength, very slow, not resistant to hostile enchantments,
unstealthy
A: icy blue scales 1, slimy green scales 1, robust 1
a: no special abilities


You were on level 5 of the Dungeon.
You were not hungry.

You visited 1 branch of the dungeon, and saw 5 of its levels.
You also visited: Sewer.

You collected 252 gold pieces.
You spent 168 gold pieces at shops.

Inventory:

Hand Weapons
 l - a +1 dagger (weapon)
Missiles
 p - a throwing net (quivered)
Armour
 a - a +0 pair of gloves (worn)
 e - a +2 leather armour of poison resistance
 n - the cursed +1 leather armour "Zareff" (worn) {rN+++ Str-5 Int-5 Dex+7}
   (You bought it in a shop on level 4 of the Dungeon)

   It affects your strength (-5).
   It affects your intelligence (-5).
   It affects your dexterity (+7).
   It renders you almost immune to negative energy.
   It has a curse placed upon it.
 q - a +0 buckler
Jewellery
 j - an uncursed ring of ice
 k - a cursed ring of loudness (left hand)
 t - an uncursed ring of protection from magic
 u - a ring of sustain attributes (right hand)
Scrolls
 g - a scroll of fear
 m - 2 scrolls of teleportation
 r - a scroll of fog
Potions
 d - 2 potions of curing
 h - 2 potions of resistance
 i - 3 potions of brilliance
 o - a potion of haste
 s - a potion of cancellation
 v - a potion of lignification {unknown}
 w - a potion of beneficial mutation {unknown}
Books
 b - a book of Flames

   Spells                             Type                      Level
   a - Flame Tongue                   Conjuration/Fire             1
   b - Throw Flame                    Conjuration/Fire             2
   c - Conjure Flame                  Conjuration/Fire             3
   d - Inner Flame                    Hexes/Fire                   3
   e - Sticky Flame                   Conjuration/Fire             4
   f - Fireball                       Conjuration/Fire             5
Comestibles
 c - a bread ration


   Skills:
 + Level 2.9 Fighting
 + Level 2.9 Armour
 + Level 5.5 Dodging
 + Level 5.7 Stealth
 * Level 8.4 Spellcasting
 + Level 4.7 Conjurations
 + Level 4.4 Hexes
 + Level 5.7 Fire Magic


You had 6 spell levels left.
You knew the following spells:

 Your Spells              Type           Power        Failure   Level  Hunger
a - Flame Tongue          Conj/Fire      ####.        4%          1    None
b - Throw Flame           Conj/Fire      ####..       8%          2    None
c - Conjure Flame         Conj/Fire      ####....     14%         3    None
d - Inner Flame           Hex/Fire       ####....     14%         3    None
e - Sticky Flame          Conj/Fire      ####....     38%         4    ###....
f - Fireball              Conj/Fire      ####......   92%         5    #####..


Dungeon Overview and Level Annotations

Branches:
Dungeon (5/15)
 Temple: D:4-7

Altars:
Cheibriados
Dithmenos
Ru

Shops:
D:4 [


Innate Abilities, Weirdness & Mutations

You are partially covered in icy blue scales (AC +1).
You are partially covered in slimy green scales (AC +2).
You are robust (+10% HP).


Message History

The orc closely misses you. The orc wizard casts a spell at you.
The magic dart hits you!
* * * LOW HITPOINT WARNING * * *
Your magical contamination has completely faded away.
Unknown command.
The orc priest calls upon Beogh to heal the orc.
The orc's wounds heal themselves!
You see here a hand axe.
Unknown command.
The orc hits you but does no damage. The orc barely misses you.
Casting: Flame Tongue
Confirm with . or Enter, or press ? or * to list all spells.
Aiming: Conjure Flame
Press: ? - help, Dir - move target cursor, p - orc The fire roars!
The orc priest mumbles some strange prayers to Beogh against you.
Beogh smites you!
You die...

......## #.......# ########
...##.# #.#####.#### #.......
...##.# #..........####.#####.
##.##.# #.##...............##.
.#.##.#
####.##.##....####.##.##.
......# #......o##.#### #.##.##.
...#### #.##..o....# #.......
.### #.##o#####.# ####.### .#
#.##.oo§@..# #.# .#
###.####)######## #.##
.######.......#)#...Z.#######..#
........#.##.###..o.>.##.......#
............## ##<....##.#####.#
........#....###......##.#####.#
.#.####.#..#..#.#.....##.##....#
.#.# #.#..#.#o#########.##.##.#
.#.# #...........# #.##.##.#


You could see an orc priest, an orc wizard and an orc.

Vanquished Creatures
  Grinder (D:4)
  Eustachio (D:4)
  Menkaure (D:5)
  The ghost of M4edhros the Vandal, an amateur OpHu (D:4)
  Purgy (Sewer)
  A sky beast (D:5)
  A phantom (D:4)
  A centaur (D:5)
  A gnoll sergeant (D:3)
  A scorpion (D:4)
  A howler monkey (D:5)
  A crimson imp (D:3)
  A centaur zombie (D:5)
  A giant frog zombie (D:5)
  A jelly (D:5)
  5 orc priests
  2 gnoll shamans (D:3)
  2 hounds
  3 orc wizards
  An iguana (D:5)
  3 worker ants
  A howler monkey skeleton (D:4)
  37 gnolls (D:3)
  16 adders
  A river rat (D:3)
  An ooze (D:3)
  An adder skeleton (D:4)
  2 worms (D:2)
  3 dart slugs
  2 giant geckos
  24 orcs
  4 giant cockroaches
  7 goblins
  4 hobgoblins
  14 jackals (D:3)
  10 kobolds
  5 quokkas
  6 ball pythons
  6 bats
  6 giant newts
  9 rats
190 creatures vanquished.

Notes
Turn   | Place    | Note
--------------------------------------------------------------
     0 | D:1      | Kidiri the Deep Elf Fire Elementalist began the quest for the Orb.
     0 | D:1      | Reached XP level 1. HP: 10/10 MP: 6/6
     0 | D:1      | Upgraded the game from 0.18-a0-1435-gee79d65 to 0.18-a0-1443-ge8f1551
     1 | D:1      | Noticed an electric eel
   300 | D:1      | Reached XP level 2. HP: 15/15 MP: 4/8
   305 | D:1      | Learned a level 2 spell: Throw Flame
   976 | D:2      | Reached XP level 3. HP: 18/20 MP: 3/10
   981 | D:2      | Learned a level 3 spell: Conjure Flame
   985 | D:2      | Learned a level 3 spell: Inner Flame
  1159 | D:2      | Found a shadowy altar of Dithmenos.
  1896 | D:2      | Found a snail-covered altar of Cheibriados.
  2414 | D:3      | Reached XP level 4. HP: 24/24 MP: 7/11
  2415 | D:3      | Found a glowing drain.
  2422 | D:3      | Reached skill level 4 in Spellcasting
  2437 | D:3      | Reached skill level 1 in Hexes
  2456 | Sewer    | Entered a sewer
  2672 | Sewer    | Noticed Purgy
  2680 | Sewer    | Killed Purgy
  2680 | Sewer    | Reached skill level 1 in Fighting
  2680 | Sewer    | Reached XP level 5. HP: 24/29 MP: 6/13
  2735 | Sewer    | Learned a level 4 spell: Sticky Flame
  3248 | D:3      | Reached skill level 1 in Armour
  3705 | D:3      | Reached XP level 6. HP: 34/34 MP: 9/15
  3814 | D:3      | Reached skill level 5 in Spellcasting
  4552 | D:3      | Found a sacrificial altar of Ru.
  5238 | D:3      | Reached XP level 7. HP: 38/38 MP: 4/17
  6027 | D:4      | Noticed M4edhros's ghost (amateur OpHu)
  6052 | D:4      | Killed M4edhros's ghost
  6244 | D:4      | Reached skill level 6 in Spellcasting
  6508 | D:4      | Learned a level 5 spell: Fireball
  6521 | D:4      | You fall through a shaft!
  6521 | D:5      | Entered Level 5 of the Dungeon
  6771 | D:4      | Noticed Eustachio
  6781 | D:4      | Killed Eustachio
  6781 | D:4      | Reached XP level 8. HP: 35/44 MP: 9/19
  6861 | D:4      | Found Fihus's Antique Armour Boutique.
  7569 | D:3      | Reached skill level 7 in Spellcasting
  7815 | D:3      | Reached skill level 5 in Stealth
  7945 | D:3      | Reached skill level 5 in Fire Magic
  8612 | D:4      | Noticed Grinder
  8622 | D:4      | Killed Grinder
  8622 | D:4      | Reached skill level 5 in Dodging
  8933 | D:4      | Bought a scorched leather armour for 168 gold pieces
  8943 | D:4      | Identified the cursed +1 leather armour "Zareff" {rN+++ Str-5 Int-5 Dex+7} (You bought it in a shop on level 4 of the Dungeon)
  8943 | D:4      | Lost strength.
 11055 | D:5      | Reached skill level 8 in Spellcasting
 11055 | D:5      | Reached XP level 9. HP: 42/49 MP: 15/23
 11081 | D:5      | Gained mutation: You are robust (+10% HP). [mutagenic meat]
 11082 | D:5      | Gained mutation: You possess an exceptional clarity of mind. [mutagenic meat]
 11083 | D:5      | Gained mutation: You are partially covered in slimy green scales (AC +2). [mutagenic meat]
 11084 | D:5      | Gained mutation: You are partially covered in icy blue scales (AC +1). [mutagenic meat]
 11086 | D:5      | Lost mutation: You possess an exceptional clarity of mind. [mutagenic meat]
 11356 | D:5      | Noticed Menkaure
 11358 | D:5      | Killed Menkaure
 12427 | D:5      | Killed from afar by an orc priest

Vault maps used:
D:1:      arrival_aquarium_a, st_stairs_3, kennysheep_decorative_pillar
D:2:      cheibriados_altar_1, nicolae_dithmenos_through_a_glass_darkly
D:3:      lemuel_castle_with_subvaults, nicolae_ru_path_of_blood,
          portal_sewer_entry_a, first_bread
D:4:      serial_shops, shop, uniq_eustachio, uniq_grinder
D:5:      serial_shops, nicolae_shop_window_shopping, uniq_menkaure
Sewer:    sewer_co_purgy_island

Skill      XL: |  1  2  3  4  5  6  7  8 |
---------------+-------------------------+-----
Conjurations   | 2 3 4 |  4.7
Spellcasting   | 4 5 6 8 |  8.4
Dodging        | 3 4 5 |  5.5
Hexes          | 1 2 3 4 |  4.4
Fighting       | 1 2 |  2.9
Stealth        | 3 4 5 |  5.7
Armour         | 1 2 |  2.9
Fire Magic     | 4 5 |  5.7

Action                   |  1- 3 |  4- 6 |  7- 9 || total
-------------------------+-------+-------+-------++-------
Melee: Dagger            |     5 |    20 |    65 ||    90
 Cast: Flame Tongue      |    45 |    82 |   148 ||   275
       Throw Flame       |    20 |    35 |    69 ||   124
       Conjure Flame     |       |    11 |    15 ||    26
       Sticky Flame      |       |     2 |    15 ||    17
       Inner Flame       |       |     4 |     8 ||    12
  Use: Scroll            |     8 |       |     7 ||    15
       Potion            |       |     3 |     5 ||     8
  Eat: Meat ration       |     1 |       |     1 ||     2
       Chunk             |       |     5 |    20 ||    25
       Fruit             |       |     6 |       ||     6
       Bread ration      |       |       |     2 ||     2
       Pizza             |       |       |     1 ||     1
